 Dungeon Crawl Stone Soup version 0.23.0-3-gf3c87f2 (webtiles) character file.

Game seed: 11665415426178848161

39 Borgoz the Skirmisher (level 3, -1/31 HPs)
             Began as a Ghoul Monk on Feb 24, 2019.
             Slain by a sky beast (3 damage)
             ... on level 2 of the Dungeon.
             The game lasted 00:02:09 (1745 turns).

Borgoz the Skirmisher (Ghoul Monk)                  Turns: 1745, Time: 00:02:09

Health: -1/31      AC:  2    Str: 14    XL:     3   Next: 47%
Magic:  2/2        EV: 13    Int:  6    God:
Gold:   129        SH:  0    Dex: 11    Spells: 2/2 levels left

rFire    + . .     SeeInvis .   a - +0 short sword
rCold    + + .     Gourm    .   (no shield)
rNeg     + + +     Faith    .   b - +0 robe
rPois    ∞         Spirit   .   (no helmet)
rElec    +         Reflect  .   (no cloak)
rCorr    +         Harm     .   (no gloves)
MR       .....                  (no boots)
Stlth    ++........             (no amulet)
HPRegen  0.00/turn              (no ring)
MPRegen  0.08/turn              (no ring)

@: resistant, rotting
A: rotting body, claws 1, carnivore, cold resistance 1, negative energy
resistance 3, inhibited regeneration, torment resistance, unbreathing
a: no special abilities


You were on level 2 of the Dungeon.
You were not hungry.

You visited 1 branch of the dungeon, and saw 2 of its levels.

You collected 129 gold pieces.

Inventory:

Hand Weapons
 a - a +0 short sword (weapon)
Armour
 b - a +0 robe (worn)
Scrolls
 e - a scroll of random uselessness {unknown}
 h - a scroll of identify {unknown}
 j - a scroll of noise {unknown}
 k - a scroll of remove curse {unknown}
Potions
 d - a potion of lignification
 f - a potion of resistance
 i - a potion of flight {unknown}
 n - a potion of might {unknown}
Comestibles
 c - 3 rations


   Skills:
 + Level 3.6 Fighting
 + Level 3.0 Short Blades
 + Level 1.0 Armour
 + Level 3.0 Dodging
 + Level 2.8 Stealth


You had 2 spell levels left.
You didn't know any spells.
Your spell library was empty.

Dungeon Overview and Level Annotations

Branches:
Dungeon (2/15)

Altars:


Innate Abilities, Weirdness & Mutations

Your body is rotting away.
You thrive on raw meat.
You are immune to poison.
You have sharp fingernails.
You are carnivorous and can eat meat at any time.
Your flesh is cold resistant. (rC+)
You are immune to negative energy. (rN+++)
You do not regenerate when monsters are visible.
You are immune to unholy pain and torment.
You can survive without breathing.


Message History

You barely miss the sky beast.
The sky beast is heavily wounded.
The sky beast completely misses you.
You barely miss the sky beast.
The sky beast is heavily wounded.
The sky beast flickers out of sight!
Deactivating autopickup; reactivate with Ctrl-A.
Something hits you. Something shocks you. You resist.
* * * LOW HITPOINT WARNING * * *
You miss something. Something hits you.
* * * LOW HITPOINT WARNING * * *
Something shocks you. You resist.
* * * LOW HITPOINT WARNING * * *
You miss something. Something barely misses you.
You closely miss something. Something hits you.
* * * LOW HITPOINT WARNING * * *
Something shocks you. You resist.
* * * LOW HITPOINT WARNING * * *
You hit something but do no damage. Something hits you.
You die...

.....# #.# #.. .Y.# ###### #.#
#### #...# #.# #...# #.#######
#...# ##### #.......# ?..?
....# #.#####.#####...##
....####....##.......$..
..(...##...............?
....#.##..#(##..@{....(.
....#.##.......#####....
#####.....(..### #.<.#
#..##.#..# #...# #..##(...#
#...# #.....)#.# #...#
##.###.#.#######...## ##
###.###.#...........(#
.###.......>..#......(..######


There were no monsters in sight!

Vanquished Creatures
  An adder (D:2)
  A worm (D:2)
  A dart slug (D:1)
  2 leopard geckos
  A ball python (D:1)
  3 goblins (D:1)
  A hobgoblin (D:2)
  4 jackals (D:1)
  5 kobolds
  A bat (D:1)
  3 rats (D:1)
23 creatures vanquished.

Notes
Turn   | Place    | Note
-------+----------+-------------------------------------------
     0 | D:1      | Borgoz the Ghoul Monk began the quest for the Orb.
     0 | D:1      | Reached XP level 1. HP: 19/19 MP: 0/0
    35 | D:1      | You fall through a shaft!
   190 | D:2      | Reached XP level 2. HP: 16/26 MP: 1/1
   212 | D:2      | Noticed a sky beast
   720 | D:1      | Reached XP level 3. HP: 30/30 MP: 2/2
  1297 | D:2      | Reached skill level 1 in Armour
  1708 | D:2      | Noticed a sky beast
  1745 | D:2      | Slain by a sky beast

Skill      XL: |  1  2  3 |
---------------+----------+-----
Dodging        | 3 |  3.0
Short Blades   | 3 |  3.0
Armour         | 1 |  1.0
Fighting       | |  3.6
Stealth        | |  2.8

Action                   || total
-------------------------++-------
Melee: Short sword       ||   145
  Use: Potion            ||     5
 Stab: Sleeping          ||     3
  Eat: Chunk             ||    11
Armor: Robe              ||    19
Dodge: Dodged            ||    77
